 Dungeon Crawl Stone Soup version 0.28.0 (webtiles) character file.

Game seed: 15883683002590361689

649963 Theoretic the Petrodigitator (level 27, -13/176 HPs)
             Began as a Gargoyle Earth Elementalist on Feb 5, 2022.
             Was the Champion of Vehumet.
             Killed from afar by an orb of fire (99 damage)
             ... with a fireball
             ... on level 4 of the Realm of Zot on Feb 6, 2022.
             The game lasted 04:00:52 (87503 turns).

Theoretic the Petrodigitator (GrEE)                Turns: 87503, Time: 04:00:53

Health: -13/176    AC: 34    Str: 19    XL:     27
Magic:  4/40       EV: 15    Int: 29    God:    Vehumet [******]
Gold:   4060       SH: 36    Dex: 14    Spells: 4/53 levels left

rFire   . . .      SeeInvis +   c - staff of earth
rCold   + + +      Faith    .   W - +18 shield of the Gong {rElec rN+ Will+ EV-5}
rNeg    + + .      Spirit   .   F - +1 robe "Lotuar" {rC+ Stlth+ Archmagi}
rPois   ∞          Reflect  +   R - +2 helmet {SInv}
rElec   +          Harm     .   i - scarf {repulsion}
rCorr   +          Rampage  .   V - +0 pair of gloves
Will    +++++      Archmagi +   Z - +2 pair of boots {Stlth+}
Stlth   ++++++.... Rnd*Tele +   z - amulet of Nyur {Reflect rF- rC++ Regen+ rCorr SH+5}
HPRegen 1.19/turn               T - ring of Moral Flaws {rF+ Dex+6}
MPRegen 0.27/turn               N - ring "Wycvipuu" {rElec Will+++ Str+6 Dex+2 Stlth-, =R}

@: on blink cooldown, flying, hasted, studying 3 skills, repel missiles, very
quick
A: sickness immunity, AC +20, big wings, negative energy resistance 1,
electricity resistance, torment resistance 1, petrification resistance, clumsy
2, cold resistance 1, teleportitis 1
}: 4/15 runes: decaying, slimy, silver, gossamer
a: Renounce Religion


You were on level 4 of the Realm of Zot.
You worshipped Vehumet.
Vehumet was exalted by your worship.
You visited 11 branches of the dungeon, and saw 53 of its levels.
You visited the Abyss 1 time.
You visited 1 ziggurat, and saw 16 of its levels.

You collected 7042 gold pieces.
You spent 2982 gold pieces at shops.

Inventory:

Hand Weapons
 d - a +0 eveningstar of freezing
 e - the +7 morningstar of Youthful Indiscretion {freeze, rC+}
   (You found it on level 3 of the Depths)

   It freezes those it strikes, dealing additional cold damage.
   It can also slow down cold-blooded creatures.
   rC:        It protects you from cold.
Missiles
 B - 16 curare-tipped darts
Armour
 i - a scarf of repulsion (worn)
 x - the +6 faerie dragon scales {rCorr Str+4}
   (You took it off the Enchantress on level 2 of the Depths)

   Str:       It affects your strength (+4).
   rCorr:     It protects you from acid and corrosion.
 F - the +1 robe "Lotuar" (worn) {rC+ Stlth+ Archmagi}
   (You found it on level 5 of the Pits of Slime)

   rC:        It protects you from cold.
   Archmagi:  It increases the power of your magical spells.
   Stlth:     It makes you more stealthy.
 L - the +4 robe of Folly {Brilliance Will-∞ Int+8}
   (You found it on level 13 of a ziggurat)

   It increases the power of your magical spells.
   It halves the magic cost of your spells (rounding up).
   It reduces your willpower to zero.
   Int:       It affects your intelligence (+8).
 R - a +2 helmet of see invisible (worn)
 V - a +0 pair of gloves (worn)
 W - the +18 shield of the Gong (worn) {rElec rN+ Will+ EV-5}
   (You found it on level 13 of a ziggurat)

   It is deafeningly noisy when blocking attacks.
   EV:        It affects your evasion (-5).
   rElec:     It insulates you from electricity.
   rN:        It protects you from negative energy.
   Will:      It increases your willpower.
 Z - a +2 pair of boots of stealth (worn)
Magical Staves
 a - a staff of conjuration
 b - a staff of fire
 c - a staff of earth (weapon)
Jewellery
 n - a +6 ring of intelligence
 z - the amulet of Nyur (around neck) {Reflect rF- rC++ Regen+ rCorr SH+5}
   (You found it on level 9 of a ziggurat)

   [amulet of reflection]

   It reflects blocked missile attacks.
   rF:        It makes you vulnerable to fire.
   rC:        It greatly protects you from cold.
   Regen:     It increases your rate of health regeneration.
   rCorr:     It protects you from acid and corrosion.
   SH:        It affects your SH (+5).
 G - a ring of magical power
 N - the ring "Wycvipuu" (right hand) {rElec Will+++ Str+6 Dex+2 Stlth-, =R}
   (You bought it in a shop on level 4 of the Vaults)

   [ring of strength]

   Str:       It affects your strength (+6).
   Dex:       It affects your dexterity (+2).
   rElec:     It insulates you from electricity.
   Will:      It greatly increases your willpower.
   Stlth:     It makes you less stealthy.
 S - the ring "Ciw Jop" {rC+ rN+ Dex+6}
   (You found it on level 5 of the Pits of Slime)

   [ring of dexterity]

   Dex:       It affects your dexterity (+6).
   rC:        It protects you from cold.
   rN:        It protects you from negative energy.
 T - the ring of Moral Flaws (left hand) {rF+ Dex+6}
   (You took it off a deep elf pyromancer on level 3 of the Elven Halls)

   [ring of protection from fire]

   Dex:       It affects your dexterity (+6).
   rF:        It protects you from fire.
 Y - a ring of wizardry
Wands
 C - a wand of digging (28)
Scrolls
 f - 12 scrolls of fog
 g - 14 scrolls of enchant weapon
 k - 20 scrolls of teleportation
 l - 2 scrolls of summoning
 o - 5 scrolls of brand weapon
 p - 5 scrolls of holy word
 s - 6 scrolls of amnesia
 u - 6 scrolls of immolation
 y - 10 scrolls of enchant armour
 A - 3 scrolls of silence
 H - 9 scrolls of fear
 K - 7 scrolls of magic mapping
 O - 2 scrolls of blinking
Potions
 h - 20 potions of heal wounds
 j - 4 potions of haste
 m - 4 potions of berserk rage
 r - 11 potions of attraction
 v - 34 potions of curing
 w - 5 potions of invisibility
 D - 7 potions of mutation
 E - 9 potions of might
 I - 6 potions of brilliance
 J - 3 potions of lignification
 P - 3 potions of cancellation
 Q - 6 potions of ambrosia
 X - 2 potions of resistance
Miscellaneous
 q - a phantom mirror (inert)
 M - a lightning rod (4/4)
 U - a condenser vane


   Skills:
 - Level 19.0 Fighting
 - Level 3.6 Long Blades
 - Level 7.4 Maces & Flails
 - Level 3.4 Polearms
 + Level 18.3 Armour
 + Level 18.5 Dodging
 - Level 12.0 Stealth
 - Level 15.0 Shields
 - Level 13.7 Spellcasting
 - Level 14.0 Conjurations
 - Level 0.7 Transmutations
 - Level 18.0 Fire Magic
 * Level 9.7 Ice Magic
 O Level 27 Earth Magic
 - Level 4.0 Poison Magic


You had 4 spell levels left.
You knew the following spells:

 Your Spells              Type           Power      Damage    Failure   Level
b - Passwall              Tmut/Erth      100%       N/A       1%          2
c - Iron Shot             Conj/Erth      71%        9d13      1%          6
d - Borgnjor's Vile Clut  Necr/Erth      60%        N/A       1%          5
e - Lee's Rapid Deconstr  Erth           79%        3d36*     0%          5
f - Mephitic Cloud        Conj/Pois/Air  70%        N/A       1%          3
g - Ignition              Fire           56%        3d15      5%          8
h - Lehudib's Crystal Sp  Conj/Erth      71%        10d16     1%          8
i - Blink                 Tloc           58%        N/A       7%          2
j - Apportation           Tloc           58%        N/A       4%          1
k - Shatter               Erth           79%        3d57*     1%          9

Your spell library contained the following spells:

 Spells                   Type           Power      Damage    Failure   Level
 Polar Vortex             Ice            42%        N/A       100%        9
 Foxfire                  Conj/Fire      100%       2x1d9     0%          1
 Magic Dart               Conj           100%       1d8       0%          1
 Sandblast                Erth           100%       2d20      0%          1
 Scorch                   Fire           100%       2d10      0%          2
 Searing Ray              Conj           100%       2d8       0%          2
 Stone Arrow              Conj/Erth      100%       3d13      0%          3
 Freeze                   Ice            100%       1d11      1%          1
 Ensorcelled Hibernation  Hex/Ice        100%       N/A       1%          2
 Poisonous Vapours        Pois/Air       94%        N/A       1%          2
 Static Discharge         Conj/Air       74%        N/A       1%          2
 Frozen Ramparts          Ice            100%       1d12      1%          3
 Ozocubu's Armour         Ice            85%        N/A       1%          3
 Flame Wave               Conj/Fire      100%       2d17      1%          4
 Fulminant Prism          Conj/Hex       37%        3d18      1%          4
 Hailstorm                Conj/Ice       93%        3d18      1%          4
 Iskenderun's Mystic Bla  Conj/Tloc      74%        2d15      1%          4
 Leda's Liquefaction      Hex/Erth       60%        N/A       1%          4
 Petrify                  Tmut/Erth      100%       N/A       1%          4
 Sticky Flame             Conj/Fire      100%       2d11      1%          4
 Olgreb's Toxic Radiance  Pois           59%        N/A       2%          4
 Beastly Appendage        Tmut           72%        N/A       3%          1
 Animate Skeleton         Necr           58%        N/A       4%          1
 Pain                     Necr           100%       1d9       4%          1
 Slow                     Hex            100%       N/A       4%          1
 Summon Small Mammal      Summ           100%       N/A       4%          1
 Wereblood                Tmut           36%        N/A       4%          2
 Spider Form              Tmut/Pois      50%        N/A       4%          3
 Ice Form                 Ice/Tmut       66%        N/A       5%          4
 Summon Ice Beast         Ice/Summ       64%        N/A       6%          4
 Corpse Rot               Necr/Air       58%        N/A       7%          2
 Call Canine Familiar     Summ           29%        N/A       13%         3
 Confusing Touch          Hex            29%        N/A       13%         3
 Gell's Gravitas          Tloc           29%        N/A       13%         3
 Lesser Beckoning         Tloc           29%        N/A       13%         3
 Portal Projectile        Hex/Tloc       58%        N/A       13%         3
 Swiftness                Air            29%        N/A       13%         3
 Teleport Other           Tloc           29%        N/A       13%         3
 Tukima's Dance           Hex            29%        N/A       13%         3
 Vampiric Draining        Necr           29%        2d8       13%         3
 Anguish                  Hex/Necr       14%        N/A       41%         4
 Animate Dead             Necr           14%        N/A       41%         4
 Dispel Undead            Necr           29%        3d13      41%         4
 Passage of Golubria      Tloc           29%        N/A       41%         4
 Summon Lightning Spire   Summ/Air       29%        N/A       41%         4
 Fireball                 Conj/Fire      53%        3d21      1%          5
 Irradiate                Conj/Tmut      38%        3d26      1%          5
 Iskenderun's Battlesphe  Conj           100%       2d15      1%          5
 Starburst                Conj/Fire      53%        6d14      1%          6
 Orb of Destruction       Conj           50%        9d13      3%          7
 Conjure Ball Lightning   Conj/Air       37%        3x3d12    11%         6
 Metabolic Englaciation   Hex/Ice        32%        N/A       17%         5
 Ozocubu's Refrigeration  Ice            42%        4d13      17%         7
 Yara's Violent Unravell  Hex/Tmut       16%        3d8       26%         5
 Alistair's Intoxication  Tmut/Pois      33%        N/A       43%         5
 Blade Hands              Tmut           18%        N/A       67%         5
 Simulacrum               Ice/Necr       32%        N/A       67%         6
 Excruciating Wounds      Necr           14%        N/A       77%         5
 Manifold Assault         Tloc           29%        N/A       77%         5
 Silence                  Hex/Air        14%        N/A       77%         5
 Death Channel            Necr           14%        N/A       100%        6
 Dispersal                Tloc           14%        N/A       100%        6
 Summon Cactus Giant      Summ           14%        N/A       100%        6
 Enfeeble                 Hex            14%        N/A       100%        7
 Haunt                    Necr/Summ      14%        N/A       100%        7
 Malign Gateway           Summ/Tloc      14%        N/A       100%        7
 Storm Form               Tmut/Air       16%        N/A       100%        7
 Summon Hydra             Summ           14%        N/A       100%        7
 Infestation              Necr           14%        N/A       100%        8
 Maxwell's Capacitive Co  Air            14%        ∞         100%        8
 Summon Horrible Things   Summ           14%        N/A       100%        8
 Sublimation of Blood     Necr           Unusable   N/A       N/A         2
 Statue Form              Tmut/Erth      Unusable   N/A       N/A         6

Dungeon Overview and Level Annotations

Branches:
Dungeon (15/15)            Temple (1/1) D:5            Lair (6/6) D:10
  Swamp (4/4) Lair:2       Spider (4/4) Lair:3        Slime (5/5) Lair:6
    Orc (2/2) D:12            Elf (3/3) Orc:2        Vaults (5/5) D:14
  Crypt (0/3) Vaults:3     Depths (4/4) D:15            Zot (4/5) Depths:4

Altars:
Ashenzari
Cheibriados
Dithmenos
Elyvilon
Fedhas
Gozag
Hepliaklqana
Kikubaaqudgha
Makhleb
Nemelex Xobeh
Okawaru
Qazlal
Ru
Sif Muna
Trog
Uskayaw
Vehumet
Wu Jian
Xom
Yredelemnul
Zin
The Shining One
Jiyva

Shops:
D:3 ?   D:8 *(   Orc:2 ((([=   Elf:2 !   Elf:3 =   Vaults:1 ?   Vaults:4 =

Portals:
Hell: Lair:6 Depths:1 Depths:2 Depths:3 Depths:4
Abyss: Depths:1 Depths:3 Depths:4
Pandemonium: Depths:1 Depths:2
Trove: Vaults:3 (show abyssal rune of Zot)

Annotations:
D:3 2 transporters
D:8 2 transporters, benadryl's ghost, novice GrBe
D:11 exclusion: fire giant
D:15 1 runed translucent door
Spider:1 3 runed translucent doors, sasquatch's ghost, adept DsIE
Elf:2 3 runed translucent doors
Vaults:1 2 transporters, pdpol's ghost, adept MiBe
Depths:3 2 runed translucent doors, Janeylunn's ghost, veteran GnWn
Zot:2 exclusion: lightning spire


Innate Abilities, Weirdness & Mutations

You are immune to sickness and miasma.
Your stone body is resilient. (AC +20)
You are immune to poison.
Your large and strong wings let you fly.
You resist negative energy. (rN+)
You are resistant to electric shocks. (rElec)
You are resistant to unholy torment.
You are immune to petrification.
You are very clumsy. (Dex -4)
Your flesh is cold resistant. (rC+)
You are occasionally teleported next to monsters.


Message History

Aiming: Iron Shot (safe; 1% risk of failure)
Press: ? - help, Shift-Dir - straight line, f/p - orb of fire
Aim: an orb of fire (almost destroyed, 59% to hit)
You feel a strong surge of power!
The iron shot misses the orb of fire.
The iron shot hits the efreet!!!
You kill the efreet!
Vehumet accepts your kill.
You feel your power returning.
The orb of fire glows yellow.
The fireball explodes!
The fireball engulfs you!!!
Casting: Iron Shot (safe; 1% risk of failure)
Confirm with . or Enter, or press ? or * to list all spells.
You don't have enough magic to cast this spell.
Unknown command.
Unknown command.
Casting: Iron Shot (safe; 1% risk of failure)
Confirm with . or Enter, or press ? or * to list all spells.
You don't have enough magic to cast this spell.
Unknown command.
Casting: Iron Shot (safe; 1% risk of failure)
Confirm with . or Enter, or press ? or * to list all spells.
Okay, then.
Aiming: Phantom Mirror
Press: ? - help, Dir - move target, f/p - orb of fire
Aim: an orb of fire (almost destroyed)
You reflect the orb of fire with the mirror!
The mirror clouds!
Unknown command.
Okay, then.
You feel stable enough to blink again.
Casting: Iron Shot (safe; 1% risk of failure)
Confirm with . or Enter, or press ? or * to list all spells.
You feel a surge of power!
You blink.
The orb of fire glows yellow.
Strange energies course through your body.
You feel clumsy.
The orb of fire emits a lurid red light.
The fireball explodes!
The fireball engulfs you!!!!
Ouch! That really hurt!
You die...

*.# #.# ####.# #....#
#....# *....# #####
**#..#
#)..###########..#######
#......@................
#.......................
##....<).**§..>.........
#...###################
#....# ##...# #...#
#####


You could see an orb of fire (ally target) and a friendly orb of fire (summoned,
drained).

Vanquished Creatures
  the Royal Jelly (Slime:5)
  2 ancient liches
  2 orbs of fire
  4 pandemonium lords
  6 juggernauts
  A royal mummy (Zig:10)
  4 Killer Klowns
  Saint Roka (Depths:3)
  Margery (Vaults:4)
  2 caustic shrikes (Depths:2)
  2 curse toes
  Nikola (Spider:3)
  the Enchantress (Depths:2)
  5 golden dragons
  Jory (Vaults:3)
  6 bone dragons (Zig:14)
  Arachne (Spider:3)
  2 doom hounds (Zig:14)
  2 Tzitzimimeh (Zig:14)
  2 electric golems (Zot:2)
  Jorgrun (Swamp:2)
  13 tentacled monstrosities
  Rupert (D:12)
  2 tainted leviathans (Zig:14)
  2 walking crystal tomes
  5 titans
  6 liches
  7 deep elf master archers
  2 deep elf blademasters (Elf:3)
  A walking earthen tome (Depths:3)
  A walking divine tome (Depths:3)
  A quicksilver dragon (shapeshifter) (Zig:16)
  6 death cobs
  3 quicksilver dragons
  A walking frostbound tome (Depths:2)
  20 acid blobs
  7 sphinxes
  Agnes (Elf:1)
  12 tengu reavers
  6 shadow dragons
  Donald (Elf:1)
  7 azure jellies
  7 storm dragons
  Roxanne (D:15)
  7 rockslimes
  6 emperor scorpions
  3 draconian knights
  5 draconian monks
  A draconian scorcher (Zot:1)
  20 vault wardens
  A balrug (Depths:3)
  7 deep elf sorcerers
  An iron dragon (Vaults:4)
  10 frost giants
  11 ghost moths
  7 fire giants
  4 orc warlords
  2 draconian stormcallers
  Aizul (Depths:2)
  A cacodemon (Depths:1)
  14 ironbound preservers
  2 ghouls (Swamp:2)
  A caustic shrike zombie (Depths:2)
  3 draconian shifters
  5 deep elf elementalists (Elf:3)
  3 spriggan defenders (Depths:2)
  2 draconian annihilators (Zot:1)
  7 war gargoyles
  A demonspawn corrupter (Zig:7)
  8 ironbound thunderhulks
  22 stone giants
  6 broodmothers
  2 vampire knights
  6 quicksilver oozes
  34 very ugly things
  A stone giant (shapeshifter) (Zig:16)
  Nessos (Orc:2)
  3 green draconians
  6 deep elf annihilators
  4 eleionomae
  3 black draconians
  4 putrid mouths (Zig:14)
  6 deep elf demonologists
  2 yellow draconians
  Azrael (Spider:3)
  16 spark wasps
  8 bunyips
  12 red draconians
  2 white draconians (Zot:1)
  4 entropy weavers
  5 purple draconians
  4 dire elephants
  13 ettins
  7 deep elf death magi
  8 merfolk javelineers
  3 merfolk impalers
  4 mummy priests (Zig:10)
  A crystal guardian (Vaults:4)
  2 shambling mangroves (Swamp:4)
  19 yaktaur captains
  6 deep elf high priests
  3 jiangshi (Depths:3)
  12 fire dragons
  37 vault guards
  6 rakshasas
  11 great orbs of eyes
  3 hell beasts
  Erolcha (Orc:2)
  25 hydras
  A catoblepas (D:14)
  3 peacekeepers
  4 boulder beetles
  4 spriggan air magi
  A jorogumo (shapeshifter) (Zig:16)
  5 centaur warriors
  2 ghost crabs
  9 ice dragons
  7 ogre magi
  16 two-headed ogres
  10 alligators
  A two-headed ogre (shapeshifter) (Zig:16)
  A radroach (Spider:2)
  9 dancing weapons
  7 ironbound frosthearts
  7 merfolk aquamancers
  2 death scarabs
  3 death yaks (Lair:1)
  7 deep troll shamans
  An orc high priest (Elf:3)
  4 naga sharpshooters (Zig:11)
  5 deep troll earth magi
  4 vampire magi
  4 spriggan berserkers (Depths:2)
  A satyr (Zig:11)
  11 hell knights
  4 tengu warriors
  A storm dragon zombie (Zig:10)
  2 soul eaters
  Sonja (Lair:4)
  19 deep elf knights
  A titan skeleton (D:15)
  2 sun moths
  6 pharaoh ants
  A shadow wraith (Vaults:5)
  5 iron trolls (Depths:3)
  A spatial maelstrom (Zig:7)
  6 spriggan druids
  7 goliath frogs
  A sea snake (shapeshifter) (D:11)
  3 skeletal warriors
  2 quicksilver dragon simulacra
  3 shadow dragon zombies
  8 swamp dragons
  A flayed ghost (Depths:2)
  2 death drakes (shapeshifter)
  5 glowing orange brains
  A swamp dragon (shapeshifter) (Zig:16)
  4 steelbarb worms
  2 starcursed masses (Zig:7)
  49 deep trolls
  14 wizards
  14 harpies
  A lindwurm (shapeshifter) (Zig:6)
  5 bog bodies
  A sphinx zombie (Zig:10)
  5 sea snakes
  26 wolf spiders
  15 orb spiders
  15 deep elf archers
  4 lindwurms (Vaults:1)
  3 orc knights
  23 deep elf pyromancers
  A mana viper (shapeshifter) (Elf:3)
  17 ironbound convokers
  3 will-o-the-wisps
  24 deep elf zephyrmancers
  7 necromancers
  4 phantasmal warriors
  3 orc sorcerers
  3 shining eyes
  A sphinx skeleton (Zig:10)
  An oklob plant (Lair:6)
  A cyclops (D:14)
  7 manticores
  An elephant (Lair:6)
  26 moths of wrath
  47 ugly things
  A fire giant skeleton (Depths:2)
  2 merfolk sirens
  3 black mambas
  An orange demon (Lair:6)
  6 eyes of devastation
  8 torpor snails
  16 vault sentinels
  An eye of devastation (shapeshifter) (Vaults:4)
  A water nymph (shapeshifter) (Depths:3)
  A gargoyle (D:12)
  2 smoke demons (Depths:2)
  10 water nymphs
  An ice statue (Lair:6)
  9 cane toads
  A spriggan zombie (D:15)
  2 unseen horrors
  An efreet (Zot:4)
  2 hellions (Zig:14)
  8 demonic crawlers
  Psyche (D:11)
  2 komodo dragons (shapeshifter)
  5 rime drakes
  8 komodo dragons
  A kobold demonologist (D:11)
  5 guardian mummies (Zig:10)
  53 yaktaurs
  2 freezing wraiths (Vaults:5)
  4 tengu conjurers
  A hellwing (Lair:6)
  A silent spectre (Zig:14)
  A spriggan skeleton (Depths:2)
  4 ice devils (Lair:6)
  19 meliai
  An ancient zyme (Zig:7)
  4 wind drakes
  2 red devils
  15 hornets
  8 trolls
  9 tyrant leeches
  Grinder (D:3)
  24 merfolk
  4 polar bears
  A hornet (shapeshifter) (Vaults:5)
  29 tarantellas
  28 blink frogs
  6 dream sheep
  A snapping turtle (shapeshifter) (Vaults:5)
  32 jumping spiders
  Prince Ribbit (D:7)
  A raiju (shapeshifter) (Depths:3)
  2 air elementals
  A snapping turtle (Zig:12)
  A jumping spider (shapeshifter) (Vaults:4)
  A centaur simulacrum (D:14)
  101 slime creatures
  18 culicivoras
  14 spriggans
  4 large abominations (Zig:7)
  A vampire (Zig:7)
  40 yaks
  12 water elementals
  5 shadows
  13 fire elementals
  Sigmund (D:5)
  3 wraiths (D:11)
  6 wyverns
  2 ushabtiu (Zig:10)
  6 basilisks
  A hog (shapeshifter) (Vaults:5)
  A golden eye (Slime:3)
  A steam dragon (Lair:3)
  A chaos spawn (Zig:6)
  3 neqoxecs
  78 redbacks
  5 vampire mosquitoes
  Menkaure (D:7)
  28 swamp worms
  7 wargs
  10 water moccasins
  5 hell hounds
  3 acid dragons
  Duvessa (D:6)
  45 orc warriors
  A floating eye (Depths:2)
  12 swamp drakes
  6 ice beasts (Lair:6)
  2 black bears
  2 sky beasts
  2 necrophages
  41 ogres
  40 wolves
  A phantom (D:5)
  8 centaurs
  A boggart (Elf:1)
  11 bullfrogs
  A gnoll sergeant (D:9)
  3 earth elementals
  A troll zombie (D:12)
  Dowan (D:6)
  A jelly (D:4)
  3 killer bees (Lair:3)
  6 wights
  6 howler monkeys
  6 electric eels
  A bullfrog zombie (D:6)
  6 centaur zombies
  2 hounds
  A centaur skeleton (D:6)
  2 gnoll shamans
  19 orc priests
  3 iguanas
  27 orc wizards
  4 hell rats (Lair:6)
  A killer bee zombie (D:8)
  7 ogre zombies (D:12)
  11 mummies (Zig:10)
  A howler monkey skeleton (D:7)
  A gnoll (shapeshifter) (Vaults:4)
  7 adders
  13 gnolls
  3 shadow imps
  2 worms
  3 dart slugs
  73 orcs
  8 endoplasms
  3 giant cockroaches
  5 goblins
  10 hobgoblins
  A jackal (D:3)
  6 quokkas
  3 ball pythons
  2 bats
  5 frilled lizards
  A goblin skeleton (D:12)
  3 goblin zombies (D:12)
  A hobgoblin skeleton (D:12)
  A hobgoblin zombie (D:12)
  4 kobolds
  4 orc skeletons (D:12)
  15 orc zombies (D:12)
  7 rats
  A plant (Zig:14)
2338 creatures vanquished.

Vanquished Creatures (collateral kills)
  A hell knight (Vaults:3)
  A chaos spawn (Zig:16)
2 creatures vanquished.

Vanquished Creatures (others)
  A pandemonium lord (Zig:16)
  A shadow dragon (Vaults:5)
  A hydra (Zig:9)
  A moth of wrath (Zot:3)
  A chaos spawn (Zig:16)
  A redback (Spider:3)
  A swamp worm (Swamp:1)
  6 foxfires
  28 fulminant prisms
  41 fungi
  54 plants
  2 withered plants (D:15)
138 creatures vanquished.

Grand Total: 2478 creatures vanquished

Notes
Turn   | Place    | Note
-------+----------+-------------------------------------------
     0 | D:1      | Theoretic the Gargoyle Earth Elementalist began the quest
                  | for the Orb.
     0 | D:1      | Reached XP level 1. HP: 10/10 MP: 3/3
   279 | D:1      | Reached skill level 4 in Earth Magic
   316 | D:1      | Found a faded altar of an unknown god.
   357 | D:1      | Reached XP level 2. HP: 14/15 MP: 0/5
  1291 | D:1      | Reached XP level 3. HP: 16/19 MP: 6/6
  1293 | D:1      | Reached skill level 5 in Earth Magic
  1398 | D:1      | Learned a level 2 spell: Passwall
  1402 | D:1      | Learned a level 3 spell: Stone Arrow
  2515 | D:3      | Reached XP level 4. HP: 24/24 MP: 5/7
  2554 | D:3      | Reached skill level 6 in Earth Magic
  2603 | D:3      | Found a snail-covered altar of Cheibriados.
  2614 | D:3      | Found an iron altar of Okawaru.
  2835 | D:3      | Reached XP level 5. HP: 28/28 MP: 6/8
  2906 | D:3      | Noticed Grinder
  2924 | D:3      | Paralysed by Grinder for 5 turns
  2929 | D:3      | Killed Grinder
  2930 | D:3      | Reached skill level 8 in Earth Magic
  2930 | D:3      | Reached XP level 6. HP: 26/32 MP: 3/9
  3077 | D:3      | Found a transporter.
  3077 | D:3      | Found a transporter.
  3247 | D:3      | Found Meimil's Magic Scroll Shop.
  3255 | D:3      | Bought a scroll of identify for 28 gold pieces
  3512 | D:4      | Reached skill level 9 in Earth Magic
  3512 | D:4      | Reached XP level 7. HP: 36/36 MP: 7/10
  3712 | D:4      | Reached skill level 1 in Conjurations
  4395 | D:5      | Entered Level 5 of the Dungeon
  4395 | D:5      | Noticed Sigmund
  4407 | D:5      | Killed Sigmund
  4408 | D:5      | Reached XP level 8. HP: 41/41 MP: 8/11
  4455 | D:5      | Reached skill level 10 in Earth Magic
  4458 | D:5      | Learned a level 2 spell: Searing Ray
  4916 | D:5      | Found a staircase to the Ecumenical Temple.
  4933 | Temple   | Entered the Ecumenical Temple
  5049 | Temple   | Became a worshipper of Vehumet
  5155 | D:5      | Reached skill level 5 in Conjurations
  5595 | D:6      | Noticed a two-headed ogre
  5601 | D:6      | Killed a two-headed ogre
  5602 | D:6      | Reached skill level 5 in Dodging
  5602 | D:6      | Reached XP level 9. HP: 45/45 MP: 8/12
  5675 | D:6      | Noticed Dowan
  5678 | D:6      | Noticed Duvessa
  5684 | D:6      | Reached skill level 1 in Fighting
  5684 | D:6      | Reached skill level 1 in Armour
  5965 | D:6      | Found a stormy altar of Qazlal.
  6123 | D:6      | Reached * piety under Vehumet
  6123 | D:6      | Offered knowledge of Shock by Vehumet.
  6219 | D:6      | Killed Duvessa
  6220 | D:6      | Killed Dowan
  6678 | D:7      | Noticed Menkaure
  6681 | D:7      | Killed Menkaure
  6707 | D:7      | Noticed Prince Ribbit
  6721 | D:7      | Killed Prince Ribbit
  6722 | D:7      | Reached XP level 10. HP: 58/58 MP: 5/13
  7690 | D:8      | Reached skill level 5 in Fighting
  7691 | D:8      | Reached skill level 5 in Armour
  7693 | D:8      | Reached skill level 1 in Polearms
  7784 | D:8      | Identified the +3 ring mail of the Present {MP+9}
  7866 | D:8      | Reached skill level 5 in Stealth
  7870 | D:8      | Reached ** piety under Vehumet
  7973 | D:8      | Found Hyinyri's Gadget Gallery.
  7994 | D:8      | Bought a wand of paralysis (5) for 77 gold pieces
  8004 | D:8      | Found a blossoming altar of Fedhas.
  8009 | D:8      | Offered knowledge of Scorch by Vehumet.
  8053 | D:8      | Found a basalt altar of Yredelemnul.
  8103 | D:8      | Found an ornate altar of the Wu Jian Council.
  8237 | D:8      | Noticed a moth of wrath
  8242 | D:8      | Identified the +7 long sword of Stickiness {vorpal, *Noise
                  | Int+6 Dex+4}
  8243 | D:8      | Found a transporter.
  8255 | D:8      | Noticed a two-headed ogre
  8259 | D:8      | Noticed benadryl's ghost (novice GrBe)
  8260 | D:8      | Found a bloodstained altar of Trog.
  8269 | D:8      | Found a transporter.
  8544 | D:8      | Found Jigaz's Weapon Shoppe.
  8549 | D:8      | Bought 5 curare-tipped darts for 45 gold pieces
  8673 | D:9      | Offered knowledge of Dazzling Flash by Vehumet.
  8799 | D:9      | Found a shimmering altar of Xom.
  8976 | D:9      | Reached *** piety under Vehumet
  9281 | D:9      | Found a hide-covered altar of Uskayaw.
  9572 | D:9      | Reached XP level 11. HP: 47/63 MP: 13/16
  9895 | D:9      | Learned a level 4 spell: Fulminant Prism
 10136 | D:10     | Entered Level 10 of the Dungeon
 10240 | D:10     | Noticed a two-headed ogre
 10246 | D:10     | Killed a two-headed ogre
 10306 | D:10     | Offered knowledge of Mephitic Cloud by Vehumet.
 10361 | D:10     | Learned a level 3 spell: Mephitic Cloud
 10999 | D:10     | Found a staircase to the Lair.
 11164 | Lair:1   | Entered Level 1 of the Lair of Beasts
 11246 | Lair:1   | Reached skill level 5 in Spellcasting
 11289 | Lair:1   | Noticed a five-headed hydra
 11296 | Lair:1   | Killed a five-headed hydra
 11297 | Lair:1   | Reached skill level 10 in Conjurations
 11385 | Lair:1   | Reached **** piety under Vehumet
 11529 | Lair:1   | Offered knowledge of Yara's Violent Unravelling by Vehumet.
 11790 | Lair:1   | Noticed an eight-headed hydra
 11796 | Lair:1   | Killed an eight-headed hydra
 11797 | Lair:1   | Reached XP level 12. HP: 71/71 MP: 18/21
 12212 | Lair:2   | Noticed a death yak
 12212 | Lair:2   | Noticed a death yak
 12212 | Lair:2   | Noticed a death yak
 12353 | Lair:1   | Killed a death yak
 12839 | Lair:1   | Killed a death yak
 12907 | Lair:1   | Killed a death yak
 13106 | Lair:2   | Found a staircase to the Swamp.
 13919 | Lair:3   | Reached ***** piety under Vehumet
 13945 | Lair:3   | Noticed a seven-headed hydra
 13949 | Lair:3   | Killed a seven-headed hydra
 13949 | Lair:3   | Offered knowledge of Olgreb's Toxic Radiance by Vehumet.
 14287 | Lair:3   | Reached XP level 13. HP: 78/78 MP: 20/24
 14337 | Lair:3   | Learned a level 4 spell: Olgreb's Toxic Radiance
 14455 | Lair:3   | Reached skill level 1 in Poison Magic
 14511 | Lair:3   | Found a hole to the Spider Nest.
 14585 | Lair:3   | Identified the +0 robe "Miasaegu" {rPois rC+ Dex-3 Stlth+}
 14612 | Lair:3   | Reached skill level 10 in Stealth
 15387 | Lair:4   | Noticed Sonja
 15391 | Lair:4   | Killed Sonja
 15626 | Lair:4   | Reached skill level 1 in Long Blades
 15894 | Lair:4   | Offered knowledge of Starburst by Vehumet.
 16177 | Lair:5   | Learned a level 6 spell: Starburst
 16379 | Lair:5   | Reached skill level 1 in Fire Magic
 17206 | Lair:6   | Entered Level 6 of the Lair of Beasts
 17230 | Lair:6   | Reached skill level 5 in Fire Magic
 17465 | D:11     | Found a stormy altar of Qazlal.
 17918 | D:11     | Noticed a fire giant
 18105 | D:11     | Gained mutation: Your large and strong wings let you fly.
                  | [Gargoyle growth]
 18105 | D:11     | Reached XP level 14. HP: 65/84 MP: 12/26
 18510 | D:11     | Offered knowledge of Fireball by Vehumet.
 18755 | D:11     | Noticed Psyche
 18759 | D:11     | Killed Psyche
 19369 | D:12     | Found a staircase to the Orcish Mines.
 19394 | D:12     | Learned a level 5 spell: Fireball
 19490 | Orc:1    | Entered Level 1 of the Orcish Mines
 20342 | Orc:2    | Entered Level 2 of the Orcish Mines
 20342 | Orc:2    | Found Vahech's Antique Weapon Emporium.
 20351 | Orc:2    | Offered knowledge of Lee's Rapid Deconstruction by Vehumet.
 20479 | Orc:1    | Learned a level 5 spell: Lee's Rapid Deconstruction
 20503 | Orc:2    | Noticed an orc warlord
 20503 | Orc:2    | Noticed Erolcha
 20508 | Orc:2    | Killed Erolcha
 21698 | Orc:2    | Reached skill level 10 in Dodging
 21820 | Orc:2    | Killed an orc warlord
 21821 | Orc:2    | Reached skill level 10 in Fire Magic
 21948 | Orc:2    | Bought a crystal long sword for 238 gold pieces
 21948 | Orc:2    | Identified the +5 long sword "Hyjygag" {elec, Str+2} (You
                  | bought it in a shop on level 2 of the Orcish Mines)
 21959 | Orc:2    | Reached XP level 15. HP: 91/91 MP: 27/28
 22253 | Orc:2    | Found Doehokocw's Jewellery Shop.
 22253 | Orc:2    | Found Uziserr's Weapon Emporium.
 22254 | Orc:2    | Found Caclu's Armour Emporium.
 22254 | Orc:2    | Found Isummec's Weapon Boutique.
 22265 | Orc:2    | Bought a +0 pair of boots of stealth for 207 gold pieces
 22337 | Orc:2    | Found a staircase to the Elven Halls.
 22402 | Orc:2    | Noticed Nessos
 22412 | Orc:2    | Killed Nessos
 22413 | Orc:2    | Noticed an orc warlord
 22418 | Orc:2    | Reached ****** piety under Vehumet
 22418 | Orc:2    | Offered knowledge of Iskenderun's Battlesphere by Vehumet.
 22774 | Orc:2    | Killed an orc warlord
 23559 | Lair:6   | Found a viscous altar of Jiyva.
 23559 | Lair:6   | Found a staircase to the Slime Pits.
 24091 | Lair:6   | Reached skill level 10 in Fighting
 24345 | Lair:6   | Cast into level 2 of the Abyss (a wizard)
 24349 | Abyss:2  | Found a corrupted altar of Lugonu.
 24382 | Lair:6   | Escaped the Abyss
 24386 | Lair:6   | Reached skill level 1 in Maces & Flails
 24398 | Lair:6   | Found a burning altar of Makhleb.
 25257 | Lair:6   | Found a gateway to Hell.
 25466 | Swamp:1  | Entered Level 1 of the Swamp
 25847 | Swamp:1  | Found a stormy altar of Qazlal.
 26242 | Swamp:1  | Offered knowledge of Conjure Ball Lightning by Vehumet.
 26354 | Swamp:1  | Reached skill level 1 in Shields
 26530 | Swamp:1  | Identified the +7 rapier "Tekemama" {freeze, rF+ Will+
                  | Str+3}
 27193 | Swamp:2  | Noticed Jorgrun
 27389 | Swamp:2  | Noticed a ghoul
 27762 | Spider:1 | Entered Level 1 of the Spider Nest
 27891 | Spider:1 | Reached XP level 16. HP: 97/97 MP: 22/29
 27905 | Lair:3   | Reached skill level 5 in Maces & Flails
 28642 | Spider:1 | Reached skill level 10 in Armour
 28658 | Spider:1 | Offered knowledge of Iron Shot by Vehumet.
 28792 | Spider:1 | Learned a level 6 spell: Iron Shot
 29671 | Spider:1 | Found a runed translucent gate.
 29671 | Spider:1 | Found a runed translucent gate.
 29671 | Spider:1 | Found a runed translucent gate.
 29682 | Spider:1 | Noticed sasquatch's ghost (adept DsIE)
 31895 | Spider:2 | Reached XP level 17. HP: 103/103 MP: 30/30
 32361 | Spider:3 | Noticed Arachne
 32368 | Spider:3 | Killed Arachne
 33754 | Swamp:1  | Reached XP level 18. HP: 105/110 MP: 28/31
 34028 | Swamp:2  | Killed Jorgrun
 34386 | Swamp:2  | Offered knowledge of Lehudib's Crystal Spear by Vehumet.
 34386 | Swamp:2  | Offered knowledge of Shatter by Vehumet.
 34386 | Swamp:2  | Offered knowledge of Polar Vortex by Vehumet.
 34940 | Swamp:2  | Found an ornate altar of the Wu Jian Council.
 35572 | Spider:3 | Noticed Azrael
 35640 | Spider:3 | Killed Azrael
 36103 | Spider:3 | Noticed Nikola
 36107 | Spider:3 | Killed Nikola
 36746 | Spider:4 | Entered Level 4 of the Spider Nest
 36818 | Spider:4 | Reached skill level 11 in Earth Magic
 37574 | Spider:4 | Reached skill level 12 in Earth Magic
 38285 | Spider:4 | Reached skill level 13 in Earth Magic
 39989 | Spider:4 | Reached skill level 14 in Earth Magic
 40321 | Spider:4 | Got a gossamer rune of Zot
 40639 | Swamp:3  | Noticed a tentacled monstrosity
 40640 | Swamp:3  | Reached XP level 19. HP: 99/116 MP: 32/32
 40733 | Swamp:3  | Killed a tentacled monstrosity
 41414 | Swamp:4  | Entered Level 4 of the Swamp
 41759 | Swamp:4  | Reached skill level 10 in Spellcasting
 41949 | Swamp:4  | Got a decaying rune of Zot
 42476 | D:12     | Noticed Rupert
 42482 | D:12     | Killed Rupert
 42939 | D:12     | Reached skill level 15 in Earth Magic
 44753 | D:14     | Found a gate to the Vaults.
 45125 | D:15     | Entered Level 15 of the Dungeon
 45300 | D:15     | Found a staircase to the Depths.
 45659 | D:15     | Noticed Roxanne
 45663 | D:15     | Killed Roxanne
 45664 | D:15     | Found a runed translucent door.
 46300 | Vaults:1 | Entered Level 1 of the Vaults
 47193 | Vaults:1 | Found a transporter.
 47193 | Vaults:1 | Noticed pdpol's ghost (adept MiBe)
 47193 | Vaults:1 | Identified the +1 great mace of Descent {flame, Will+
                  | Int+4}
 47197 | Vaults:1 | Found a transporter.
 47210 | Vaults:1 | Found Fyhuosy's Magic Scroll Emporium.
 47316 | Vaults:1 | Reached XP level 20. HP: 122/122 MP: 34/35
 47503 | Vaults:1 | Identified the +5 fustibalus of the Imperium {flame, rPois
                  | rF++ Will+}
 48267 | Vaults:1 | Identified the +1 robe of Dourgh {Will++ Str+4}
 48536 | Vaults:2 | Identified the +8 swamp dragon scales of the Cricket {rPois
                  | Will+}
 50126 | Vaults:2 | Learned a level 8 spell: Ignition
 51457 | Vaults:3 | Reached skill level 15 in Fire Magic
 51714 | Vaults:3 | Found a staircase to the Crypt.
 51714 | Vaults:3 | Found an ancient bone altar of Kikubaaqudgha.
 51715 | Vaults:3 | Found a basalt altar of Yredelemnul.
 51774 | Vaults:3 | Identified the ring of Red Wine {rN+ Stlth+}
 51807 | Vaults:3 | Noticed Jory
 52447 | Vaults:2 | Reached skill level 5 in Shields
 53656 | Vaults:3 | Found a portal to a secret trove of treasure.
 53897 | Vaults:3 | Killed Jory
 53898 | Vaults:3 | Reached XP level 21. HP: 127/127 MP: 21/36
 54683 | Vaults:4 | Found Gycrob Lito's Jewellery Emporium.
 54689 | Vaults:4 | Bought the ring "Wycvipuu" {rElec Will+++ Str+6 Dex+2
                  | Stlth-} for 951 gold pieces
 54697 | Vaults:4 | Bought an amulet of regeneration for 330 gold pieces
 54697 | Vaults:4 | Bought a ring of wizardry for 330 gold pieces
 55378 | Vaults:4 | Identified the +6 flail "Oleacyij" {vorpal, Stlth+}
 55518 | Vaults:4 | Identified the +10 hand axe "Tipepp" {freeze, Dex+2 SInv}
 56202 | Vaults:4 | Noticed Margery
 56891 | Vaults:4 | Found the +9 heavy crossbow "Sniper" {vorpal, Acc+∞ SInv}
 57972 | Elf:1    | Entered Level 1 of the Elven Halls
 58520 | Elf:1    | Learned a level 2 spell: Blink
 58659 | Elf:1    | Reached XP level 22. HP: 134/134 MP: 22/37
 59014 | Elf:1    | Reached skill level 16 in Earth Magic
 59017 | Elf:1    | Noticed Agnes
 59019 | Elf:1    | Killed Agnes
 59020 | Elf:1    | Reached skill level 15 in Dodging
 59286 | Elf:1    | Noticed Donald
 59290 | Elf:1    | Killed Donald
 59869 | Elf:2    | Found a runed translucent gate.
 59869 | Elf:2    | Found a runed translucent gate.
 59872 | Elf:2    | Found a runed translucent gate.
 60080 | Elf:2    | Found Sumebups's Distillery.
 60391 | Elf:2    | Identified the +0 robe "Ahoesch" {Fly rCorr Int+2}
 60575 | Elf:3    | Entered Level 3 of the Elven Halls
 61422 | Elf:3    | Found Siacaxink's Jewellery Emporium.
 61657 | Elf:3    | Reached skill level 17 in Earth Magic
 62095 | Elf:3    | Identified the ring of Moral Flaws {rF+ Dex+6}
 62324 | Elf:3    | Identified the +6 lajatang of Dim Light {flame, rElec Str+4
                  | Int+4 SInv}
 62372 | Elf:3    | Identified the +7 hand axe of the Original Sin {vorpal,
                  | Int+7}
 62713 | Elf:3    | Identified the +8 halberd of Equilibrium {freeze, rF- rC+
                  | Dex+3}
 62724 | Elf:3    | Reached skill level 18 in Earth Magic
 63116 | Elf:3    | Identified the +6 falchion "Ceobei" {vorpal, rElec rF+ rC+
                  | Str-2 SInv}
 63117 | Elf:3    | Identified the +6 arbalest "Rufref" {penet, *Corrode +Blink
                  | SInv}
 63139 | Elf:3    | Got Ymudayr's Tome of Enthralling Contamination
 63273 | Elf:2    | Bought a potion of curing for 54 gold pieces
 63273 | Elf:2    | Bought a potion of curing for 54 gold pieces
 63273 | Elf:2    | Bought a potion of brilliance for 72 gold pieces
 63273 | Elf:2    | Bought a potion of heal wounds for 90 gold pieces
 63273 | Elf:2    | Bought a potion of curing for 54 gold pieces
 63273 | Elf:2    | Bought a potion of curing for 54 gold pieces
 63273 | Elf:2    | Bought a potion of heal wounds for 90 gold pieces
 63539 | Depths:1 | Entered Level 1 of the Depths
 63672 | Depths:1 | Learned a level 1 spell: Apportation
 63677 | Depths:1 | Found a glowing silver altar of Zin.
 64081 | Depths:1 | Found a one-way gate leading to the halls of Pandemonium.
 64237 | Depths:1 | Found a shimmering altar of Xom.
 64237 | Depths:1 | Found a shimmering altar of Xom.
 64430 | Depths:1 | You are sucked into a shaft and drop 1 floor!
 64430 | Depths:2 | Noticed a caustic shrike
 64600 | Depths:1 | Found a one-way gate to the infinite horrors of the Abyss.
 64706 | Depths:1 | Found a one-way gateway to a ziggurat.
 64863 | Depths:2 | Noticed the Enchantress
 64898 | Depths:2 | Reached XP level 23. HP: 142/142 MP: 18/38
 65709 | Vaults:4 | Killed Margery
 65710 | Vaults:4 | Reached skill level 19 in Earth Magic
 65780 | Vaults:5 | Entered Level 5 of the Vaults
 65791 | Vaults:5 | Reached skill level 10 in Shields
 65817 | Vaults:5 | Noticed a golden dragon
 65821 | Vaults:5 | Killed a golden dragon
 65830 | Vaults:4 | Gained mutation: You are clumsy. (Dex -2) [mutagenic glow]
 65872 | Vaults:5 | Reached skill level 20 in Earth Magic
 67465 | Vaults:5 | Identified the +5 robe "Wantaraf" {-Cast Rampage Regen+
                  | Dex+2} (You found it on level 5 of the Vaults)
 67555 | Vaults:5 | Noticed a golden dragon
 67560 | Vaults:5 | Killed a golden dragon
 67644 | Vaults:5 | Identified the +10 plate armour of Qabibrikke {rC+ Will+
                  | Str-5}
 67705 | Vaults:5 | Identified the +7 dagger of the Blessed Realm {elec, rElec
                  | rCorr Dex+2 Stlth+}
 68172 | Vaults:5 | Identified the +3 leather armour "Dewnoud" {Str+2 Stlth+}
 68176 | Vaults:5 | Reached XP level 24. HP: 148/148 MP: 39/39
 68195 | Vaults:5 | Identified the +7 trident of Instant Death {vorpal, Int+5}
 68200 | Vaults:5 | Learned a level 9 spell: Shatter
 68619 | Vaults:5 | Got a silver rune of Zot
 68770 | Vaults:5 | Noticed an ancient lich
 68774 | Vaults:5 | Killed an ancient lich
 69340 | Depths:2 | Reached skill level 21 in Earth Magic
 69505 | Depths:2 | Noticed Aizul
 69510 | Depths:2 | Killed Aizul
 69876 | Depths:2 | Reached XP level 25. HP: 153/153 MP: 33/40
 71531 | Depths:2 | Reached skill level 15 in Armour
 71739 | Depths:2 | Reached skill level 15 in Fighting
 71804 | Depths:2 | Reached skill level 22 in Earth Magic
 71942 | Depths:2 | Reached skill level 15 in Shields
 72394 | Depths:2 | Killed the Enchantress
 73167 | Depths:2 | Reached skill level 23 in Earth Magic
 73707 | Depths:3 | Noticed Saint Roka
 73725 | Depths:3 | Killed Saint Roka
 73876 | Depths:3 | Found a large runed translucent door.
 73877 | Depths:3 | Found a large runed translucent door.
 73880 | Depths:3 | Noticed Janeylunn's ghost (veteran GnWn)
 74474 | Depths:3 | Found a faded altar of an unknown god.
 74474 | Depths:3 | Found a hazy altar of Hepliaklqana.
 74476 | Depths:3 | Found a faded altar of an unknown god.
 74906 | Depths:3 | Reached skill level 24 in Earth Magic
 75498 | Depths:3 | Reached XP level 26. HP: 160/160 MP: 40/40
 75543 | Depths:3 | Identified the +7 morningstar of Youthful Indiscretion
                  | {freeze, rC+}
 75637 | Depths:4 | Entered Level 4 of the Depths
 75966 | Depths:4 | Reached skill level 25 in Earth Magic
 76147 | Depths:4 | Reached skill level 1 in Ice Magic
 76157 | Depths:4 | Noticed a juggernaut
 76243 | Depths:4 | Killed a juggernaut
 76327 | Depths:4 | Found a stormy altar of Qazlal.
 76330 | Depths:4 | Found a sparkling altar of Nemelex Xobeh.
 76568 | Depths:4 | Found a gate to the Realm of Zot.
 76689 | Depths:4 | Found a burning altar of Makhleb.
 77416 | Slime:1  | Entered Level 1 of the Pits of Slime
 77500 | Slime:2  | Found a viscous altar of Jiyva.
 77913 | Slime:4  | Reached skill level 5 in Ice Magic
 78480 | Slime:5  | Entered Level 5 of the Pits of Slime
 78606 | Slime:5  | Noticed the Royal Jelly
 79178 | Slime:5  | Killed the Royal Jelly
 79461 | Slime:5  | Identified the +1 robe "Lotuar" {rC+ Stlth+ Archmagi}
 79483 | Slime:5  | Identified the +8 rapier of Equilibrium {flame, Contam
                  | Drain Will+ Dex+8}
 79494 | Slime:5  | Identified the ring "Ciw Jop" {rC+ rN+ Dex+6}
 79522 | Slime:5  | Got a slimy rune of Zot
 79618 | Slime:5  | Identified the +1 shortbow of World Downfall {vorpal,
                  | Int+4}
 80256 | Zot:1    | Entered Level 1 of the Realm of Zot
 80613 | Zot:1    | Reached skill level 26 in Earth Magic
 81640 | D:3      | Bought a scroll of amnesia for 49 gold pieces
 81640 | D:3      | Bought a scroll of enchant armour for 105 gold pieces
 81640 | D:3      | Bought a scroll of amnesia for 49 gold pieces
 81640 | D:3      | Bought a scroll of blinking for 105 gold pieces
 81649 | D:3      | Learned a level 5 spell: Borgnjor's Vile Clutch
 81659 | D:3      | Learned a level 8 spell: Lehudib's Crystal Spear
 82873 | Zot:2    | Reached XP level 27. HP: 164/168 MP: 22/40
 83051 | Zot:1    | Reached skill level 27 in Earth Magic
 84362 | Zot:3    | Noticed an orb of fire
 84453 | Zot:3    | Killed an orb of fire
 85014 | Zot:3    | Noticed an orb of fire
 85014 | Zot:3    | Noticed an orb of fire
 85015 | Zot:3    | Gained mutation: Your flesh is cold resistant. (rC+) [an
                  | orb of fire]
 85543 | Zig:1    | Entered Level 1 of a ziggurat
 85586 | Zig:2    | Entered Level 2 of a ziggurat
 85649 | Zig:3    | Entered Level 3 of a ziggurat
 85703 | Zig:4    | Entered Level 4 of a ziggurat
 85719 | Zig:4    | Identified the amulet "Quyca" {Reflect Str+3 SH+5}
 85865 | Zig:5    | Entered Level 5 of a ziggurat
 85885 | Zig:5    | Got the Compendium of the Arsonist
 85893 | Zig:6    | Entered Level 6 of a ziggurat
 85898 | Zig:6    | Noticed Agopiogi the pandemonium lord
 85909 | Zig:6    | Killed Agopiogi the pandemonium lord
 85959 | Zig:7    | Entered Level 7 of a ziggurat
 86000 | Zig:8    | Entered Level 8 of a ziggurat
 86004 | Zig:8    | Noticed an ancient lich
 86007 | Zig:8    | Killed an ancient lich
 86020 | Zig:8    | Got Sif Muna's Incunabulum of Battle Magic
 86032 | Zig:8    | Identified the +4 long sword of Magnificence {flame, rElec
                  | Str+6}
 86103 | Zig:9    | Entered Level 9 of a ziggurat
 86193 | Zig:9    | Got the Catalogue of Dislocated Stolen Souls
 86196 | Zig:9    | Identified the +5 ring mail of Pandemonium {Str+5}
 86199 | Zig:9    | Identified the +4 ring mail of Yredelemnul's Scorn {Slay+2}
 86200 | Zig:9    | Identified the amulet of Nyur {Reflect rF- rC++ Regen+
                  | rCorr SH+5}
 86230 | Zig:10   | Entered Level 10 of a ziggurat
 86237 | Zig:10   | Noticed a royal mummy
 86242 | Zig:10   | Killed a royal mummy
 86318 | Zig:10   | Identified the ring "Gyrhun" {rElec rCorr}
 86321 | Zig:10   | Got the Almanac of Calling
 86337 | Zig:11   | Entered Level 11 of a ziggurat
 86371 | Zig:11   | Identified the +10 quarterstaff "Xean" {drain, Int+5}
 86376 | Zig:11   | Identified the ring "Ewesuq" {Fly Int+4}
 86411 | Zig:12   | Entered Level 12 of a ziggurat
 86443 | Zig:12   | Got the Catalogue of Conjuration
 86515 | Zig:13   | Entered Level 13 of a ziggurat
 86519 | Zig:13   | Noticed a juggernaut
 86519 | Zig:13   | Noticed a juggernaut
 86520 | Zig:13   | Noticed a juggernaut
 86521 | Zig:13   | Noticed a juggernaut
 86524 | Zig:13   | Killed a juggernaut
 86524 | Zig:13   | Killed a juggernaut
 86524 | Zig:13   | Killed a juggernaut
 86524 | Zig:13   | Noticed a juggernaut
 86527 | Zig:13   | Killed a juggernaut
 86527 | Zig:13   | Killed a juggernaut
 86535 | Zig:13   | Found the +18 shield of the Gong {rElec rN+ Will+ EV-5}
 86536 | Zig:13   | Found the +4 robe of Folly {Brilliance Will-∞ Int+8}
 86587 | Zig:14   | Entered Level 14 of a ziggurat
 86788 | Zig:15   | Entered Level 15 of a ziggurat
 86818 | Zig:15   | Got the Almanac of Fiery Stones
 86820 | Zig:15   | Identified the ring of Music {+Blink rPois rN+++ Str-4}
 86824 | Zig:15   | Got Ozasut's Compendium of the Destructive Birds
 86833 | Zig:15   | Identified the +2 robe of Empo {Rampage}
 86862 | Zig:16   | Entered Level 16 of a ziggurat
 86875 | Zig:16   | Noticed Niypsoururch the pandemonium lord
 86875 | Zig:16   | Noticed Pohoesei the pandemonium lord
 86876 | Zig:16   | Noticed Cuexzexzah the pandemonium lord
 86877 | Zig:16   | Noticed Ivohur the pandemonium lord
 86878 | Zig:16   | Noticed Nuskofre the pandemonium lord
 86878 | Zig:16   | Killed Nuskofre the pandemonium lord
 86896 | Zig:16   | Killed Ivohur the pandemonium lord
 86901 | Zig:16   | Noticed Dusoaryi the pandemonium lord
 86906 | Zig:16   | Killed Cuexzexzah the pandemonium lord
 86917 | Zig:16   | Identified the ring of the Sun {Int+6 SInv}
 86923 | Depths:1 | Killed Pohoesei the pandemonium lord
 87295 | Zot:3    | You are sucked into a shaft and drop 1 floor!
 87352 | Zot:3    | Noticed an orb of fire
 87488 | Zot:3    | Gained mutation: You are occasionally teleported next to
                  | monsters. [an orb of fire]
 87496 | Zot:4    | Killed an orb of fire
 87502 | Zot:4    | Gained mutation: You are very clumsy. (Dex -4) [an orb of
                  | fire]
 87503 | Zot:4    | Killed from afar by an orb of fire

Illustrated notes

Levels and vault maps discovered:
D:1:      mrwooster_arrival_statue_3, layout_basic,
          dreamdust_ecumenical_altar_statues
D:2:      layout_loops_corners
D:3:      gammafunk_steamed_eel, layout_basic, amethyst_overflow_temple_binary,
          serial_shops, shop, hex_intersection, minmay_vboxes, uniq_grinder
D:4:      layout_loops_corners
D:5:      layout_basic, minmay_temple_entry_glassed_door, uniq_sigmund
D:6:      layout_cave_pools, lemuel_coloured_pillars_altar, uniq_duvessa
D:7:      layout_basic, kennysheep_small_square, uniq_menkaure,
          uniq_prince_ribbit1
D:8:      layout_basic, mainiacjoe_overflow_two_lobes,
          mainiacjoe_overflow_brackets, gammafunk_ghost_wrathful_warriors,
          serial_shops, nicolae_shop_hallway_plus, nicolae_shop_gadgets
D:9:      layout_long_grid, overflow_temple_1_default, kennysheep_mini
D:10:     layout_loops_cross, david_lair_shrubbed
D:11:     nzn_winding_woodlands_cross [nzn_winding_woodlands_5x15_default,
          nzn_winding_woodlands_5x15_concentric,
          nzn_winding_woodlands_5x15_cabin, nzn_winding_woodlands_5x15_parted,
          nzn_winding_woodlands_15x15_killbox], layout_basic,
          nicolae_qazlal_style_of_elements, uniq_psyche
D:12:     layout_stronghold, zombieorc2_lemuel, uniq_rupert
D:13:     layout_rooms
D:14:     layout_loops_ring, lightli_vaults_fourway_checkpoint,
          minmay_misc_feat_x
D:15:     gammafunk_depths_entry_grave, layout_long_grid,
          lightli_church_of_beogh, uniq_roxanne
Temple:   jpeg_temple_clearing
Lair:1:   layout_chaotic_city
Lair:2:   layout_chaotic_city, minmay_swamp_entry_worms
Lair:3:   layout_regular_city, hellmonk_spider_entry_not_the_bees,
          grunt_megastairs_2, serial_bayou_shore_b, infiniplex_staircase_pool
Lair:4:   layout_cave_pods, grunt_forest_large_clearings, uniq_sonja
Lair:5:   onia_ninara_swampy_vault, layout_concentric_octagons
Lair:6:   evil_forest, layout_gridlike, dpeg_slime_entry_enclosed_altar,
          st_stairs_3, ice2_lemuel
Swamp:1:  layout_basic_swamp, basic_altar, nicolae_swamp_bean_lake
Swamp:2:  layout_falls_marsh, lemuel_altar_in_water2, swamp_pool1, uniq_jorgrun
Swamp:3:  layout_falls_marsh, serial_swamp_ruin, evilmike_swamp_ruin_house_2,
          evilmike_swamp_ruin_house_5, evilmike_swamp_ruin_house_4
Swamp:4:  swamp, layout_basic_swamp
Spider:1: layout_spider_delve, gammafunk_ghost_necromancy
Spider:2: layout_spider_delve, hangedman_spider_tarantella_strand
Spider:3: layout_spider_delve, uniq_azrael, uniq_arachne, uniq_nikola
Spider:4: guppyfry_spider_rune
Slime:1:  layout_caves, basic_altar
Slime:2:  layout_caves, basic_altar
Slime:3:  layout_caves, basic_altar
Slime:4:  layout_caves
Slime:5
Orc:1:    layout_caves, nicolae_orc_crystal_geode
Orc:2:    st_orc_ogre_mass, layout_caves, serial_shops,
          nicolae_shop_statue_plus, uniq_nessos, uniq_erolcha
Elf:1:    nicolae_elf_arrival_fired_up, layout_geoelf_diagonals,
          hangedman_elf_disciples, uniq_donald, uniq_agnes
Elf:2:    elven_hall_of_blades_hangedman_original
          [nicolae_blade_entry_floor_patterns], layout_gridlike, serial_shops,
          nicolae_take_the_stairs, hangedman_elven_ridges
Elf:3:    minmay_elf_hall_dome, layout_geoelf_grid, serial_shops,
          nicolae_shop_trees, minivault_27
Vaults:1: gammafunk_ghost_smash, nicolae_vaults_network_s,
          nicolae_vaults_rhombus_5, ontoclasm_vaults_spin,
          vaults_room_grunt_arrival_ludios, nicolae_vaults_bisected_slash,
          layout_vaults_quadrants, serial_shops, shop
Vaults:2: ontoclasm_vaults_hangar, grunt_vaults_diagonal, v_misc_18,
          nicolae_vaults_shelves_hall, ontoclasm_vaults_chip, v_misc_18,
          vaults_room_semicircle, layout_vaults_big_room
Vaults:3: nicolae_vaults_big_ls, vaults_room_boxed,
          nicolae_vaults_border_crossing, minmay_crypt_entry_necro_gods,
          vaults_mumra_hex, nicolae_vaults_octagons, ontoclasm_vaults_chip,
          nicolae_vaults_shelves_hall, v_alt_pattern_5, vaults_room_door_ring,
          layout_vaults_omnicross, trove_entry_hex_spiral, uniq_jory
Vaults:4: minmay_guarded_unrand_secular_launcher, hangedman_vaults_locks,
          ontoclasm_vaults_eye, nicolae_vaults_little_squares_3,
          hangedman_vaults_capsules, hangedman_vaults_restitches, v_rooms_3,
          nicolae_vaults_stairing_the_circle, nicolae_vaults_little_squares_6,
          vaults_dpeg_doors, vaults_dpeg_diagonal, vaults_dpeg_cross,
          layout_vaults_maze, serial_shops, nicolae_square_shop, uniq_margery
Vaults:5: serial_shops
Depths:1: layout_gridlike, enter_ziggurat_b, hell_entry, abyss_entry, zin_angel,
          rand_demon_pan_entry_5, xom_redecorated
Depths:2: hangedman_box_tower, layout_gridlike, pf_vacation_house_of_asmodeus,
          infiniplex_enter_wizlab_glasses, rand_demon_pan_entry_9,
          serial_sigils_hangedman_stare, st_stairs_14, uniq_enchantress,
          uniq_aizul
Depths:3: evilmike_inaccessible_box, layout_gridville,
          minmay_staircase_windowed_large, ebering_ghost_disaster_area,
          grunt_mini_vestibule, abyss_entry,
          nicolae_hepliaklqana_ecumenical_no_more, uniq_saint_roka
Depths:4: hangedman_slaughterboxes, hell_entry, abyss_entry
Zot:1:    layout_gridville
Zot:2:    layout_misc_corridors, amethyst_zot_foddershock
Zot:3:    lemuel_firehouse, layout_concentric_octagons
Zot:4:    kennysheep_room_grid, layout_misc_corridors

Skill      XL: |  1  2  3  4  5  6  7  8  9 10 11 12 13 14 15 16 17 18 19 20 21 22 23 24 25 26 27 |
---------------+----------------------------------------------------------------------------------+-----
Earth Magic    | 4 5 6 8 9 10 14 15 18 20 21 24 26 27 | 27.0
Dodging        | 2 5 6 7 8 10 11 12 13 14 15 18 | 18.5
Conjurations   | 3 7 8 9 10 11 12 14 | 14.0
Fighting       | 4 5 6 8 9 10 11 12 14 15 16 19 | 19.0
Armour         | 4 5 7 8 9 10 12 14 15 18 | 18.3
Stealth        | 4 6 8 9 10 11 12 | 12.0
Polearms       | 3 |  3.4
Spellcasting   | 3 6 7 8 9 11 12 13 | 13.7
Poison Magic   | 4 |  4.0
Long Blades    | 2 3 |  3.6
Fire Magic     | 7 10 11 12 16 18 | 18.0
Maces & Flails | 4 7 |  7.4
Shields        | 3 4 6 8 12 13 15 | 15.0
Ice Magic      | 7 9 |  9.7
Transmutations | |  0.7

Action                   |  1- 3 |  4- 6 |  7- 9 | 10-12 | 13-15 | 16-18 | 19-21 | 22-24 | 25-27 || total
-------------------------+-------+-------+-------+-------+-------+-------+-------+-------+-------++-------
Melee: Unarmed           |    23 |       |       |       |       |       |       |       |       ||    23
       Scimitar          |    62 |    14 |       |       |       |       |       |       |       ||    76
       Dagger            |       |    22 |    26 |       |       |       |       |       |       ||    48
       Trident           |       |       |     1 |    23 |       |       |       |       |       ||    24
       Long sword        |       |       |       |   119 |    37 |    49 |     6 |       |       ||   211
       Punch             |       |       |       |     3 |       |       |       |       |       ||     3
       Staff             |       |       |       |       |    16 |     1 |       |     1 |     1 ||    19
       Eveningstar       |       |       |       |       |       |    30 |    24 |    17 |       ||    71
       Demon whip        |       |       |       |       |       |       |       |     4 |       ||     4
       Morningstar       |       |       |       |       |       |       |       |       |     6 ||     6
 Fire: Shortbow          |       |       |    21 |       |       |       |       |       |       ||    21
Throw: Dart              |       |     1 |     8 |     4 |    16 |       |     2 |     1 |     2 ||    34
       Stone             |       |       |       |       |     2 |       |       |       |       ||     2
 Cast: Sandblast         |    20 |    25 |    83 |   240 |   108 |     4 |       |       |       ||   480
       Searing Ray       |       |       |     7 |    13 |     4 |       |       |       |       ||    24
       Mephitic Cloud    |       |       |       |    16 |     6 |       |       |     1 |       ||    23
       Stone Arrow       |       |       |       |     6 |   402 |    31 |       |       |       ||   439
       Fulminant Prism   |       |       |       |    12 |    16 |       |       |       |       ||    28
       Starburst         |       |       |       |       |    55 |    19 |    14 |     4 |     6 ||    98
       Fireball          |       |       |       |       |    28 |    51 |    42 |    12 |    17 ||   150
       Olgreb's Toxic Ra |       |       |       |       |    15 |     3 |       |       |       ||    18
       Lee's Rapid Decon |       |       |       |       |     7 |    77 |    40 |    68 |    39 ||   231
       Iron Shot         |       |       |       |       |       |   263 |   498 |   287 |   433 ||  1481
       Ignition          |       |       |       |       |       |       |    22 |    33 |    86 ||   141
       Apportation       |       |       |       |       |       |       |       |    16 |     1 ||    17
       Shatter           |       |       |       |       |       |       |       |       |    62 ||    62
       Blink             |       |       |       |       |       |       |       |       |     6 ||     6
       Passwall          |       |       |       |       |       |       |       |       |     5 ||     5
       Lehudib's Crystal |       |       |       |       |       |       |       |       |    73 ||    73
       Borgnjor's Vile C |       |       |       |       |       |       |       |       |     1 ||     1
Evoke: Wand              |       |       |       |       |    10 |     7 |     3 |     2 |     1 ||    23
       Condenser vane    |       |       |       |       |       |       |       |     2 |     1 ||     3
       Phantom mirror    |       |       |       |       |       |       |       |     1 |     1 ||     2
       Lightning rod     |       |       |       |       |       |       |       |       |     2 ||     2
  Use: Scroll            |       |     5 |     3 |     5 |    19 |     6 |    12 |     3 |    13 ||    66
       Potion            |       |       |       |       |     2 |     3 |     4 |     4 |    10 ||    23
 Stab: Sleeping          |     2 |     1 |     3 |     1 |     2 |       |       |       |       ||     9
       Confused          |       |       |       |     8 |     2 |       |       |       |       ||    10
Armor: Robe              |    27 |    12 |    33 |   125 |   168 |   217 |    46 |    59 |    64 ||   751
       Acid dragon scale |       |       |       |       |       |       |       |       |    56 ||    56
Dodge: Dodged            |    76 |    19 |    24 |   270 |   324 |   235 |    94 |    87 |   129 ||  1258
       Repelled          |       |       |       |       |       |       |       |       |    17 ||    17
Block: Other             |       |     3 |     9 |       |       |       |       |       |       ||    12
       Reflection        |       |       |     1 |       |       |     3 |    14 |       |    13 ||    31
       Buckler           |       |       |       |       |     3 |    96 |    50 |    24 |       ||   173
       Kite shield       |       |       |       |       |       |       |       |     5 |   146 ||   151
